 Dungeon Crawl Stone Soup version 0.23.0-41-g86b089e62c (webtiles) character file.

Game seed: 0

2152 PikkenKukken the Zephyrmancer (level 9, -2/62 HPs)
             Began as a Black Draconian Air Elementalist on Feb 27, 2019.
             Shot with an arrow by a centaur (6 damage)
             ... on level 6 of the Dungeon on Feb 28, 2019.
             The game lasted 00:31:08 (8615 turns).

PikkenKukken the Zephyrmancer (DrAE)                Turns: 8615, Time: 00:31:10

Health: -2/62      AC: 10    Str: 11    XL:     9   Next: 10%
Magic:  15/15      EV: 15    Int: 20    God:
Gold:   374        SH:  0    Dex: 12    Spells: 5/16 levels left

rFire    . . .     SeeInvis .   m - +0 trident (freeze)
rCold    . . .     Gourm    .   (no shield)
rNeg     . . .     Faith    .   (armour unavailable)
rPois    .         Spirit   .   p - +1 hat
rElec    +         Reflect  .   o - +0 cloak
rCorr    .         Harm     .   a - +0 pair of gloves
MR       .....                  (no boots)
Stlth    +++.......             h - amulet of regeneration
HPRegen  0.60/turn              j - ring of stealth
MPRegen  0.14/turn              (no ring)

@: no status effects
A: breathe lightning, unfitting armour, horns 1, clever 1, electricity
resistance, cold-blooded, AC +7
a: Breathe Lightning


You were on level 6 of the Dungeon.
You were not hungry.

You visited 1 branch of the dungeon, and saw 6 of its levels.

You collected 374 gold pieces.

Inventory:

Hand Weapons
 m - a +0 trident of freezing (weapon)
Missiles
 e - 3 javelins of penetration (quivered)
Armour
 a - a +0 pair of gloves (worn)
 o - a +0 cloak (worn)
 p - a +1 hat (worn)
Jewellery
 h - an amulet of regeneration (around neck)
 j - a ring of stealth (left hand)
Wands
 s - a wand of enslavement (8)
Scrolls
 k - a scroll of identify
 n - a scroll of fog
 t - a scroll of teleportation
Potions
 c - a potion of cancellation
 d - a potion of lignification
 f - 4 potions of curing
 i - a potion of heal wounds
 l - a potion of might
 q - a potion of mutation
Comestibles
 b - 2 rations


   Skills:
 + Level 6.3 Dodging
 - Level 1.7 Stealth
 + Level 4.3 Spellcasting
 - Level 6.0 Conjurations
 + Level 8.8 Air Magic


You had 5 spell levels left.
You knew the following spells:

 Your Spells              Type           Power        Failure   Level  Hunger
a - Shock                 Conj/Air       ####         1%          1    None
b - Swiftness             Chrm/Air       ###.....     3%          2    #......
c - Static Discharge      Conj/Air       ####....     1%          3    ###....
d - Airstrike             Air            #####.....   3%          4    ####...
e - Animate Skeleton      Necr           N/A          12%         1    None

Your spell library contained the following spells:

 Spells                   Type           Power        Failure   Level  Hunger
 Apportation              Tloc           #.....       12%         1    None
 Confusing Touch          Hex            #.....       12%         1    None
 Summon Small Mammal      Summ           #...         12%         1    None
 Lightning Bolt           Conj/Air       ####......   16%         5    ######.


Dungeon Overview and Level Annotations

Branches:
Dungeon (6/15)
 Temple: D:4-7

Altars:
Dithmenos
Uskayaw
Yredelemnul


Innate Abilities, Weirdness & Mutations

You can breathe wild blasts of lightning.
Your glossy black scales are hard. (AC +7)
You cannot fit into any form of body armour.
You are resistant to electric shocks. (rElec)
You are cold-blooded and may be slowed by cold attacks.
You have a pair of small horns on your head.
Your mind is acute. (Int +2)


Message History

The centaur shoots an arrow.
The arrow barely misses you.
The centaur shoots an arrow.
The arrow hits you but does no damage.
You hear a shout!
You see here 4 arrows.
The centaur shoots an arrow.
The arrow misses you.
The centaur shoots an arrow.
The arrow barely misses you.
You see here an arrow.
The centaur shoots an arrow.
The arrow hits you.
The centaur shoots an arrow.
The arrow barely misses you.
You see here 2 arrows.
The centaur shoots an arrow.
The arrow hits you.
The centaur shoots an arrow.
The arrow hits you.
* * * LOW HITPOINT WARNING * * *
x2 You see here an arrow.
The centaur shoots an arrow.
The arrow completely misses you.
The centaur shoots an arrow.
The arrow hits you!
* * * LOW HITPOINT WARNING * * *
The centaur shoots an arrow.
The arrow misses you.
The centaur shoots an arrow.
The arrow hits you.
You die...

######### ### ########
#.......# #.. #.)....#
#.#####.# #.# #.####.# #@# #.#
#.#
#.###..######(#####.####.#####
#.##....(((((................#
#.###..#≈≈≈≈#.#...#.####!###.#
#......≈≈≈≈≈≈≈≈.....# #.# #.#
#.#≈≈≈≈≈≈≈≈≈≈≈≈≈≈≈#.####(###.#
≈≈≈≈≈≈≈≈≈≈≈≈≈≈≈≈≈≈≈≈≈#.(......
≈≈≈≈≈≈≈≈≈≈≈≈cc≈≈≈≈≈≈≈≈(#####.#
≈≈≈≈≈≈≈≈≈≈≈.c.c..≈≈≈≈≈≈.# #.#


You could see 2 centaurs.

Vanquished Creatures
  Grinder (D:5)
  An orc warrior (D:6)
  An ice beast (D:6)
  A phantom (D:5)
  An ogre (D:5)
  2 necrophages
  2 centaurs
  A bullfrog (D:6)
  A water moccasin skeleton (D:6)
  2 scorpions (D:5)
  5 killer bees (D:4)
  3 crimson imps
  A jelly (D:5)
  An orc priest (D:6)
  2 bullfrog skeletons (D:5)
  5 worker ants
  Natasha (thrice) (D:2)
  4 orc wizards
  A hound zombie (D:5)
  A worker ant zombie (D:5)
  4 gnolls (D:5)
  14 adders
  A shadow imp (D:6)
  An ooze (D:1)
  An adder zombie (D:5)
  3 worms
  3 dart slugs
  3 leopard geckos
  21 orcs
  2 ball pythons
  6 bats
  2 giant cockroaches (D:4)
  4 goblins
  10 hobgoblins
  7 jackals
  4 quokkas
  6 frilled lizards
  3 giant cockroach zombies (D:5)
  11 kobolds
  A quokka skeleton (D:4)
  A quokka zombie (D:6)
  5 rats
152 creatures vanquished.

Vanquished Creatures (collateral kills)
  An adder skeleton (D:6)
1 creature vanquished.

Grand Total: 153 creatures vanquished

Notes
Turn   | Place    | Note
-------+----------+-------------------------------------------
     0 | D:1      | PikkenKukken the Draconian Air Elementalist began the quest
                  | for the Orb.
     0 | D:1      | Reached XP level 1. HP: 14/14 MP: 3/3
   298 | D:1      | Reached XP level 2. HP: 17/20 MP: 1/5
   417 | D:1      | Learned a level 2 spell: Swiftness
   864 | D:1      | Reached XP level 3. HP: 26/26 MP: 1/6
   941 | D:1      | Learned a level 3 spell: Static Discharge
   992 | D:2      | Found a basalt altar of Yredelemnul.
  1198 | D:2      | Found a shadowy altar of Dithmenos.
  1299 | D:2      | Noticed Natasha
  1313 | D:2      | Killed Natasha
  1379 | D:2      | Reached XP level 4. HP: 17/33 MP: 1/7
  1650 | D:2      | Found a basalt altar of Yredelemnul.
  1830 | D:2      | Noticed Natasha
  1837 | D:2      | Killed Natasha
  2034 | D:2      | Found a basalt altar of Yredelemnul.
  2200 | D:2      | Found a basalt altar of Yredelemnul.
  2227 | D:2      | Found a shadowy altar of Dithmenos.
  2227 | D:2      | Noticed Natasha
  2239 | D:2      | Killed Natasha
  2239 | D:2      | Reached skill level 4 in Air Magic
  2402 | D:3      | Reached XP level 5. HP: 32/38 MP: 5/8
  3184 | D:2      | Reached XP level 6. HP: 11/45 MP: 0/9
  5127 | D:4      | Reached skill level 5 in Air Magic
  5129 | D:4      | Your scales start taking on a glossy black colour.
  5129 | D:4      | Reached skill level 6 in Air Magic
  5129 | D:4      | Reached XP level 7. HP: 50/50 MP: 2/10
  5129 | D:4      | Gained mutation: You are resistant to electric shocks.
                  | (rElec) [Black Draconian growth]
  5361 | D:4      | Learned a level 4 spell: Airstrike
  5521 | D:5      | Entered Level 5 of the Dungeon
  5539 | D:5      | Learned a level 1 spell: Animate Skeleton
  5993 | D:5      | Noticed Grinder
  6331 | D:5      | Paralysed by Grinder for 5 turns
  6439 | D:5      | Killed Grinder
  6439 | D:5      | Reached skill level 5 in Dodging
  6439 | D:5      | Reached skill level 5 in Conjurations
  6439 | D:5      | Reached skill level 7 in Air Magic
  6439 | D:5      | Reached XP level 8. HP: 54/57 MP: 4/13
  6477 | D:5      | Gained mutation: You are weak. (Str -2) [potion of
                  | mutation]
  6477 | D:5      | Gained mutation: You are occasionally teleported next to
                  | monsters. [potion of mutation]
  6477 | D:5      | Gained mutation: You are robust. (+10% HP) [potion of
                  | mutation]
  6478 | D:5      | Lost mutation: You are weak. (Str -2) [potion of mutation]
  6478 | D:5      | Lost mutation: You are robust. (+10% HP) [potion of
                  | mutation]
  6478 | D:5      | Lost mutation: You are occasionally teleported next to
                  | monsters. [potion of mutation]
  6478 | D:5      | Gained mutation: You have a pair of small horns on your
                  | head. [potion of mutation]
  6478 | D:5      | Gained mutation: Your mind is acute. (Int +2) [potion of
                  | mutation]
  6894 | D:5      | Found a hide-covered altar of Uskayaw.
  7758 | D:6      | Reached skill level 8 in Air Magic
  8187 | D:6      | Reached XP level 9. HP: 62/62 MP: 8/15
  8615 | D:6      | Shot with an arrow by a centaur

Skill      XL: |  1  2  3  4  5  6  7  8 |
---------------+-------------------------+-----
Dodging        | 2 3 4 5 6 |  6.3
Conjurations   | 2 3 4 5 6 |  6.0
Air Magic      | 4 6 7 8 |  8.8
Spellcasting   | 3 4 |  4.3
Stealth        | |  1.7

Action                   |  1- 3 |  4- 6 |  7- 9 || total
-------------------------+-------+-------+-------++-------
Melee: Whip              |    14 |    12 |       ||    26
       Tailslap          |     2 |    10 |     4 ||    16
       Trident           |       |    71 |    86 ||   157
       Headbutt          |       |       |     5 ||     5
Throw: Javelin           |    16 |     7 |       ||    23
 Cast: Shock             |    73 |   132 |    98 ||   303
       Static Discharge  |       |     7 |     5 ||    12
       Airstrike         |       |       |    29 ||    29
       Animate Skeleton  |       |       |     6 ||     6
  Use: Scroll            |     5 |     5 |     9 ||    19
       Potion            |       |     1 |     2 ||     3
 Stab: Sleeping          |     1 |     3 |     1 ||     5
       Distracted        |       |       |     1 ||     1
  Eat: Chunk             |     3 |    11 |    14 ||    28
       Ration            |       |     1 |     1 ||     2
Armor: Skin              |    12 |    42 |    54 ||   108
Dodge: Dodged            |    27 |   109 |    98 ||   234
